[Event "*** Titled Tuesday Blitz"]
[Site "Chess.com"]
[Date "2020.04.14"]
[Round "7"]
[White "White_Ghost"]
[Black "ulkaf961"]
[Result "1-0"]
[WhiteElo "2464"]
[BlackElo "2238"]
[TimeControl "180+1"]
[EndTime "11:14:47 PDT"]
[Termination "White_Ghost won on time"]

1. d4 d5 2. c4 c6 3. cxd5 cxd5 4. Nc3 Nf6 5. Bf4 Bf5 6. e3 Nc6 7. Qb3 Na5 8. Qa4+ Bd7 9. Qc2 Rc8 10. Bd3 e6 11.
Nf3 Bb4 12. O-O Nc4 13. Bxc4 Rxc4 14. Ne5 Rc8 15. Rfc1 Bxc3 16. bxc3 h6 17. c4 dxc4 18. Nxc4 O-O 19. Qb2 b6 20. Nd6 Rxc1+ 21. Rxc1 Nd5 22.
Bg3 Qg5 23. Qe2 h5 24. h4 Qg6 25. e4 Nf6 26. Rc7 Rd8 27. Rxa7 Bc6 28. e5 Ne4 29. Nxf7 Rxd4 30. Qc2 Bd7 31. Rxd7 Rxd7 32. Qc8+ Kxf7 33. Qxd7+ Kg8 34. Bf4 Qf5 35. g3 Nc5 36. Qd8+ Kh7 37. Qxb6 Qc2 38. Be3 Qd1+ 39. Kh2 Nd3 40.
Qd4 Qe2 41. Qe4+ Kg8 42. Qa8+ Kh7 43. Qe4+ Kg8 44. Qg2 Ne1 45. Qh1 Nf3+ 46. Kh3 Nxe5 47. Qa8+ Kf7 48. Qb7+ Kg8 49. Qb8+ Kh7 50. Qxe5 1-0

[Event "*** Titled Tuesday Blitz"]
[Site "Chess.com"]
[Date "2020.04.14"]
[Round "7"]
[White "czasnaszachy"]
[Black "annamaja"]
[Result "0-1"]
[WhiteElo "2317"]
[BlackElo "2196"]
[TimeControl "180+1"]
[EndTime "11:14:49 PDT"]
[Termination "annamaja won by checkmate"]

1. d4 Nf6 2. c4 e6 3. Nc3 Bb4 4.
e3 O-O 5. Ne2 d5 6. a3 Be7 7.
cxd5 exd5 8. g3 c6 9. Bg2 Bf5 10. O-O Nbd7 11. f3 c5 12. e4 cxd4 13. exf5 dxc3 14.
Nxc3 d4 15. Ne4 Nc5 16. b4 Na6 17. Bb2 d3 18. Qd2 Qb6+ 19. Kh1 Rfd8 20. Rfd1 Rac8 21. Qg5 h6 22. Qf4 Rc2 23. Be5 Nd5 24. Qg4 f6 25. Bf4 Nxf4 26. Qxf4 Nc7 27. Nc5 Nd5 28. Qe4 Bxc5 29.
bxc5 Qxc5 30. Qxd3 Qf2 31. Qf1 Qxf1+ 32. Rxf1 Ne3 33. Rg1 Rdd2 34. h4 Nxg2 35. Rxg2 Rxg2 36. Rb1 Rh2+ 37. Kg1 Rcg2+ 38. Kf1 Rh1+ 39. Kxg2 Rxb1 40.
g4 Rb3 41. Kg3 Rxa3 42. Kf4 Ra4+ 43. Kg3 Rd4 44. Kf2 b5 45. Kg3 b4 46. g5 b3 47.
g6 b2 48. h5 b1=Q 49. f4 Qe4 50. Kf2 Qxf4+ 51. Kg1 Qg3+ 52. Kh1 Rd1# 0-1

[Event "*** Titled Tuesday Blitz"]
[Site "Chess.com"]
[Date "2020.04.14"]
[Round "7"]
[White "GianmarcoVaR"]
[Black "rozabaku"]
[Result "1-0"]
[WhiteElo "2621"]
[BlackElo "2437"]
[TimeControl "180+1"]
[EndTime "11:14:50 PDT"]
[Termination "GianmarcoVaR won by checkmate"]

1. d4 Nf6 2. c4 g6 3. Nf3 Bg7 4.
g3 d5 5. cxd5 Nxd5 6. Bg2 O-O 7.
Kf1 b6 8. h3 Bb7 9. Kg1 Nd7 10.
Nbd2 c5 11. e4 Nb4 12. d5 Ne5 13. Nxe5 Bxe5 14. Nf3 Bg7 15. Kh2 f5 16. Ng5 Qd7 17. Ne6 Rf7 18. a3 Na6 19. Nxg7 Kxg7 20. e5 e6 21. dxe6 Qxe6 22. Bxb7 Rxb7 23. Qf3 Re7 24. Qxa8 Nc7 25. Qf3 Qxe5 26. Bd2 Nb5 27. Rhe1 Qf6 28. Bc3 Nd4 29. Bxd4 cxd4 30. Rxe7+ Qxe7 31. Rd1 Qe5 32. Qf4 Qe2 33. Qxd4+ Kh6 34. Qh4+ Qh5 35. Qxh5+ Kxh5 36. Rd7 a5 37. Rb7 Kg5 38. Rxb6 h5 39. f4+ Kh6 40. Rb7 a4 41. Kg2 g5 42. fxg5+ Kxg5 43. Kf3 h4 44.
gxh4+ Kxh4 45. Rb4+ Kg5 46. h4+ Kh5 47. Kg3 Kg6 48. Kf4 Kf6 49. Rb6+ Ke7 50. h5 Kf7 51. h6 Kf8 52. Kxf5 Ke7 53. Ra6 Kf7 54. Ra7+ Kf8 55. Ke6 Kg8 56. Rxa4 Kh7 57. Rg4 Kxh6 58. Kf6 Kh5 59.
Re4 Kh6 60. Rh4# 1-0

[Event "*** Titled Tuesday Blitz"]
[Site "Chess.com"]
[Date "2020.04.14"]
[Round "7"]
[White "Xeniya2005"]
[Black "DivyaDeshmukh23"]
[Result "1-0"]
[WhiteElo "2218"]
[BlackElo "2465"]
[TimeControl "180+1"]
[EndTime "11:14:50 PDT"]
[Termination "Xeniya2005 won by resignation"]

1. e4 c5 2. Nf3 d6 3. d4 cxd4 4. Nxd4 Nf6 5. Nc3 a6 6. Nb3 e6 7.
g4 Qc7 8. Bg2 Nc6 9. g5 Nd7 10.
f4 Be7 11. Be3 b5 12. a3 Bb7 13. O-O Nc5 14. Nd2 O-O 15. Qe2 b4 16. axb4 Nxb4 17. Nc4 d5 18. Na5 Nxe4 19. Nxe4 dxe4 20. Nxb7 Qxb7 21. c3 Nd5 22. Bxe4 Rfb8 23. Bd4 Qxb2 24. Qh5 g6 25. Qh3 Qb5 26. Rf3 h5 27. gxh6 Kh7 28. Raf1 Bc5 29. Kh1 Bxd4 30. cxd4 Qc4 31. f5 exf5 32.
Bxf5 Ra7 33. Bd3 Qc7 34. Qg4 Re8 35. Rxf7+ Qxf7 36. Rxf7+ Rxf7 37. Qxg6+ Kh8 38. Qxf7 Re1+ 39. Kg2 Nf4+ 40. Qxf4 Re8 41. Qf6+ 1-0

[Event "*** Titled Tuesday Blitz"]
[Site "Chess.com"]
[Date "2020.04.14"]
[Round "7"]
[White "LimeInTheCoconut"]
[Black "politeplayer"]
[Result "1-0"]
[WhiteElo "2349"]
[BlackElo "2189"]
[TimeControl "180+1"]
[EndTime "11:14:50 PDT"]
[Termination "LimeInTheCoconut won on time"]

1. Nf3 e6 2. c4 d5 3. d4 Nf6 4. g3 c5 5. cxd5 exd5 6. Bg2 Nc6 7. O-O Be7 8. dxc5 Bxc5 9. Qc2 Bb6 10. Nc3 d4 11.
Na4 O-O 12. Rd1 Re8 13. Bg5 Bg4 14. Nxb6 axb6 15. a3 h6 16. Bxf6 Qxf6 17. Qd2 Rad8 18.
Rac1 d3 19. Qf4 Qxf4 20. gxf4 dxe2 21. Re1 Re4 22. h3 Bh5 23. f5 Kh7 24. Kh2 Bxf3 25. Bxf3 Rf4 26. Kg3 Rxf5 27. Be4 g6 28. Bxf5 gxf5 29.
Rxe2 Rd3+ 30. Kg2 f4 31. Rec2 Nd4 32. Rc7 f3+ 33. Kh2 Rd2 34. Kg3 Nf5+ 35. Kxf3 Nd4+ 36. Ke4 Ne6 37. Rc8 Kg6 38. Rg8+ Kf6 39. Rb8 Re2+ 40. Kf3 Nd4+ 41. Kg2 Rxb2 42. Rxb7 Ne6 43. Rc6 1-0

[Event "*** Titled Tuesday Blitz"]
[Site "Chess.com"]
[Date "2020.04.14"]
[Round "7"]
[White "SameerMujumdar"]
[Black "mshuaau0"]
[Result "0-1"]
[WhiteElo "2387"]
[BlackElo "2230"]
[TimeControl "180+1"]
[EndTime "11:14:50 PDT"]
[Termination "mshuaau0 won by resignation"]

1. d4 d5 2. c4 e6 3. Nc3 Nf6 4. Bg5 Be7 5. e3 Nbd7 6. Nf3 h6 7. Bh4 O-O 8. Bd3 c5 9. cxd5 cxd4 10. Nxd4 Nxd5 11. Bxe7 Qxe7 12. Nxd5 exd5 13. O-O Nc5 14. Bc2 Ne4 15. a3 Be6 16. Qd3 Rfd8 17. Rfc1 Rac8 18.
Bd1 g6 19. Bf3 Ng5 20. Be2 Ne4 21. g3 Qf6 22. f4 a6 23. Bf3 Nc5 24. Qd2 Bf5 25. b4 Ne4 26. Qe1 h5 27. Rxc8 Rxc8 28. Rc1 Rc4 29. Be2 Rxc1 30. Qxc1 Kg7 31. Qc7 b5 32.
Bf3 Bg4 33. Bxe4 dxe4 34. Qe5 Qxe5 35. fxe5 Kf8 36. Nb3 Ke7 37. Nc5 Bc8 38. Kf2 f6 39. exf6+ Kxf6 40. Ke1 Kg5 41. Nxe4+ Kg4 42. Kf2 Kh3 43.
Kg1 Kg4 44. Nd6 Be6 45. Kf2 Kh3 46. Kg1 Kg4 47. Ne4 Bc8 48. Nd2 h4 49. gxh4 Kxh4 50.
Nf3+ Kg4 51. Ne5+ Kf5 52. Nd3 Ke4 53. Nf4 g5 54. Ng2 Kf3 55. h4 gxh4 56. Nxh4+ Kxe3 0-1

[Event "*** Titled Tuesday Blitz"]
[Site "Chess.com"]
[Date "2020.04.14"]
[Round "7"]
[White "medalja"]
[Black "PeterPantz"]
[Result "0-1"]
[WhiteElo "2398"]
[BlackElo "2254"]
[TimeControl "180+1"]
[EndTime "11:14:51 PDT"]
[Termination "PeterPantz won by resignation"]

1. d4 d5 2. c4 e6 3. Nf3 c6 4. g3 dxc4 5. Bg2 b5 6. O-O Bb7 7. Ne5 Nf6 8. a4 Nd5 9. b3 cxb3 10.
Qxb3 b4 11. a5 c5 12. e4 Nf6 13. dxc5 Bxc5 14. Rd1 Nfd7 15. Nd3 Qe7 16. Nxc5 Qxc5 17. Be3 Qe7 18. Nd2 O-O 19. Nc4 Na6 20. Nd6 Bc6 21. Qc4 Ndb8 22. Rac1 Rd8 23. e5 Bxg2 24. Kxg2 h6 25.
Qb5 Qd7 26. Qxd7 Nxd7 27. Rc8 Rdxc8 28. Nxc8 Nxe5 29. Ne7+ Kf8 30. Bf4 Nc4 31. Nc6 Nc5 32. Nxb4 Nxa5 33. Rc1 Ne4 34. Re1 Nf6 35. Bd6+ Kg8 36.
Ra1 Nc4 37. Bc5 a5 38. Nd3 Nd5 39. Kf3 a4 40. Nb4 Nxb4 41. Bxb4 a3 42. Bc3 a2 43.
Ke2 Nd6 44. Kd3 Ra3 45. Kc2 Ne4 46. Bb2 Rf3 47. Re1 Rxf2+ 48. Kb3 Nc5+ 49. Kxa2 Rxb2+ 50. Kxb2 Nd3+ 51. Kc3 Nxe1 52. Kd2 Nf3+ 53. Ke3 Nxh2 54. g4 Nxg4+ 55. Kf4 Nf6 56. Ke5 Kf8 57.
Kf4 Ke7 58. Ke5 Kd7 59. Kf4 Kd6 60. Kg3 e5 61. Kf3 Kd5 62. Kg3 e4 63. Kh4 Kd4 64.
Kg3 Kd3 65. Kh4 Kd2 66. Kg3 e3 67. Kh4 e2 68. Kg3 0-1

[Event "*** Titled Tuesday Blitz"]
[Site "Chess.com"]
[Date "2020.04.14"]
[Round "7"]
[White "dsanchez1973"]
[Black "WeAintSurePal"]
[Result "0-1"]
[WhiteElo "2090"]
[BlackElo "2321"]
[TimeControl "180+1"]
[EndTime "11:14:53 PDT"]
[Termination "WeAintSurePal won by resignation"]

1. e4 e5 2. Nf3 Nc6 3. d4 exd4 4. c3 Nf6 5. e5 Ne4 6. cxd4 d5 7.
Nbd2 Bg4 8. Bb5 Be7 9. Qa4 O-O 10. Bxc6 bxc6 11. Qxc6 Rb8 12. O-O Rb6 13. Qc2 Rg6 14. Kh1 Bxf3 15. gxf3 Bh4 16. Nxe4 dxe4 17. Qxe4 f5 18.
Qe1 Qxd4 19. e6 Qd5 20. Qc3 Qxe6 21. Bf4 Bf6 22. Qb3 Qxb3 23. axb3 Bxb2 24. Rxa7 c5 25. Rg1 Rxg1+ 26. Kxg1 Bd4 27. Bd6 Rf6 28. Ra8+ Kf7 29. Ra7+ Kg6 30. Bf4 Rb6 31. Be3 Bxe3 32. fxe3 Rxb3 33.
Kf2 Rb2+ 34. Kg3 c4 35. Rc7 Rc2 36. h4 Rc1 37. Kf4 c3 38. h5+ Kh6 39. Kxf5 c2 40.
Kf4 Kxh5 41. e4 g5+ 42. Kf5 Kh4 43. e5 g4 44. Rxh7+ Kg3 45. Rc7 gxf3 46. e6 f2 47. Rg7+ Kh2 48. Rh7+ Kg1 49. Rg7+ Kf1 50. e7 Re1 51.
Kf6 c1=Q 52. Rg8 Qc3+ 53. Kf7 Qf3+ 54. Ke8 Qa8+ 55. Kf7 Qxg8+ 56. Kxg8 Rxe7 0-1

[Event "*** Titled Tuesday Blitz"]
[Site "Chess.com"]
[Date "2020.04.14"]
[Round "7"]
[White "Angry_Twin"]
[Black "Muracle"]
[Result "1/2-1/2"]
[WhiteElo "2827"]
[BlackElo "2690"]
[TimeControl "180+1"]
[EndTime "11:14:54 PDT"]
[Termination "Game drawn by repetition"]

1. e4 e5 2. Nf3 Nc6 3. Bc4 Nf6 4. d3 Be7 5. O-O O-O 6. a4 d5 7. exd5 Nxd5 8. Re1 Bf6 9. Nbd2 Nd4 10. c3 Nxf3+ 11. Qxf3 c6 12. Ne4 Be7 13. Qg3 f6 14. f4 exf4 15.
Bxf4 Kh8 16. Bd6 Bf5 17. Bxe7 Qxe7 18. Nd6 Qd7 19. Bxd5 cxd5 20. Nxf5 Qxf5 21. Re7 Rg8 22. Rxb7 Rae8 23. Rf1 Qc8 24. Qc7 Qg4 25. Rxa7 Qe2 26. Qb6 Qxd3 27. h3 Re2 28. Rb7 Qe4 29. Rf2 Re1+ 30.
Rf1 Re2 31. Rf2 Re1+ 32. Kh2 Qe5+ 33. g3 Qe4 34. Rg2 h5 35. Qf2 d4 36. Rb4 Rd8 37. Rxd4 Rxd4 38. cxd4 Rb1 39. h4 Rc1 40. a5 Ra1 41.
Qd2 Qd5 42. b4 Qe4 43. Qe2 Qb1 44. Qxh5+ Kg8 45. Qe8+ Kh7 46. Qh5+ Kg8 47. Qd5+ Kh8 48. Qh5+ Kg8 1/2-1/2

[Event "*** Titled Tuesday Blitz"]
[Site "Chess.com"]
[Date "2020.04.14"]
[Round "7"]
[White "tigra"]
[Black "Indianlad"]
[Result "1-0"]
[WhiteElo "2859"]
[BlackElo "2964"]
[TimeControl "180+1"]
[EndTime "11:14:55 PDT"]
[Termination "tigra won by resignation"]

1. e4 c6 2. d4 d5 3. e5 Bf5 4. c4 e6 5. Nc3 Ne7 6. Nge2 dxc4 7. Ng3 Nd7 8. Bxc4 Nb6 9. Bb3 Bg6 10. a4 a5 11. O-O Ned5 12. Nce4 h5 13. Bg5 Be7 14. Nd6+ Kf8 15. Nxb7 Qc7 16. Bxe7+ Qxe7 17. Nd6 h4 18. Nge4 Rd8 19. Rc1 Nb4 20. Rc5 Qa7 21. Qf3 Kg8 22. Ng5 Rh5 23. Ndxf7 Bxf7 24. Rxa5 Qe7 25.
Nxf7 Qxf7 26. Bxe6 Qxe6 27. Qxh5 Rxd4 28. Ra7 Rd7 29.
Rxd7 Nxd7 30. Rd1 Nd5 31. Qxh4 Nxe5 32. Qe4 Nf6 33. Qe2 g5 34. a5 g4 35. Re1 Nfd7 36. a6 Qa2 37. Rd1 Qa4 38. b3 Qa3 39. h3 gxh3 40. Rxd7 Nxd7 41. Qe6+ Kf8 42. Qxd7 Qa1+ 43. Kh2 hxg2 44. Qd6+ Kf7 45. Qc7+ Kf8 46. Qc8+ Kf7 47. Kxg2 Qg7+ 48. Kf3 Qc3+ 49. Ke4 Qb4+ 50. Kf5 Qc5+ 51. Kg4 Qd4+ 52. f4 Qg1+ 53. Kh5 Qh2+ 54. Kg5 Qg1+ 55.
Qg4 Qb6 56. Qd7+ Kf8 57. Qc8+ 1-0

[Event "*** Titled Tuesday Blitz"]
[Site "Chess.com"]
[Date "2020.04.14"]
[Round "7"]
[White "Nikolakis2014"]
[Black "LastHeroJr"]
[Result "1-0"]
[WhiteElo "2696"]
[BlackElo "2547"]
[TimeControl "180+1"]
[EndTime "11:14:55 PDT"]
[Termination "Nikolakis2014 won on time"]

1. Nf3 Nf6 2. c4 g6 3. Nc3 Bg7 4. e4 d6 5. d4 O-O 6. Be2 e5 7. Be3 Ng4 8. Bg5 f6 9. Bh4 g5 10. Bg3 Nh6 11. O-O Nc6 12. dxe5 fxe5 13. Nd5 g4 14. Nh4 Nd4 15. f3 c6 16. Ne3 Bf6 17.
Nhf5 Nhxf5 18. exf5 gxf3 19. Bxf3 Qb6 20. Kh1 Bxf5 21.
Nxf5 Nxf5 22. Bd5+ cxd5 23. Qxd5+ Kh8 24. Rxf5 Qxb2 25.
Raf1 Bg7 26. Rxf8+ Rxf8 27. Rxf8+ Bxf8 28. h3 Kg7 29. Kh2 Qb6 30. Qe6 Qc7 31. Qg4+ Kh8 32. Qe6 Qe7 33.
Qf5 b6 34. Qe4 Qf7 35. a4 h6 36. Qc6 Kg7 37. Qe4 Qe6 38. Qb7+ Qf7 39. Qe4 Qc7 40.
Qg4+ Kh8 41. Qe6 Qe7 42. Qg6 Qg7 43. Qf5 Qe7 44. Bf2 Bg7 45. Be3 Qf8 46. Qe6 Qf6 47.
Qc8+ Qf8 48. Qd7 Qa8 49. Qxd6 Qe4 50. Bxh6 Bxh6 51. Qxh6+ Kg8 52. Qg5+ Kf8 53. Qd8+ Kf7 54. Qd7+ Kf6 55. Qd6+ Kf7 56. Qc7+ Kf6 57. Qd8+ Kg7 58.
Qg5+ Kf7 59. h4 Qxc4 60. Qf5+ 1-0

[Event "*** Titled Tuesday Blitz"]
[Site "Chess.com"]
[Date "2020.04.14"]
[Round "7"]
[White "ChesterF"]
[Black "smshk35"]
[Result "1-0"]
[WhiteElo "2506"]
[BlackElo "2286"]
[TimeControl "180+1"]
[EndTime "11:14:56 PDT"]
[Termination "ChesterF won by checkmate"]

1. d4 Nf6 2. c4 g6 3. Nc3 Bg7 4. e4 d6 5. h3 O-O 6. Be3 c5 7. d5 Qa5 8. Bd3 b5 9. cxb5 a6 10. b6 Nbd7 11. Nf3 Nxb6 12. O-O Ne8 13. Qc2 Nc7 14.
a4 Nd7 15. Nd2 Qb4 16. a5 Rb8 17. Rfb1 Qb7 18. Bf1 Nb5 19. Nxb5 axb5 20. Ra2 Ra8 21. b4 c4 22. Re1 Nb8 23. Nb1 Na6 24. Bd2 Qc7 25.
Bc3 Bd7 26. Qb2 Bxc3 27. Qxc3 e5 28. dxe6 Bxe6 29. Na3 Rab8 30. Rd2 Rfd8 31. Nc2 d5 32. e5 Qe7 33. g3 Bf5 34. Nd4 Qxb4 35. Qe3 Qxa5 36.
Nxf5 gxf5 37. Qg5+ Kh8 38. Qf6+ Kg8 39. Qg5+ Kf8 40.
Qh6+ Ke7 41. e6 f6 42. Qg7+ Kd6 43. Qxf6 Rf8 44. Qe5+ Ke7 45. Rxd5 Rbd8 46. Rd7+ Rxd7 47. exd7+ Kxd7 48. Qe7+ Kc6 49. Re6+ Kd5 50. Qd6# 1-0

[Event "*** Titled Tuesday Blitz"]
[Site "Chess.com"]
[Date "2020.04.14"]
[Round "7"]
[White "dcann0n88"]
[Black "Spriteball"]
[Result "1-0"]
[WhiteElo "2300"]
[BlackElo "1932"]
[TimeControl "180+1"]
[EndTime "11:14:56 PDT"]
[Termination "dcann0n88 won by resignation"]

1. e4 c5 2. Nf3 d6 3. d4 cxd4 4.
Nxd4 Nf6 5. Nc3 Nc6 6. Bg5 e6 7. Qd2 a6 8. O-O-O Bd7 9. f3 Be7 10. Be3 b5 11. Kb1 O-O 12. g3 Qc7 13. g4 Ne5 14. g5 Nh5 15. f4 Nc4 16. Bxc4 Qxc4 17. Nce2 f6 18. h4 Rfc8 19. Rdg1 b4 20. g6 h6 21. Nc1 f5 22. exf5 exf5 23. Rh2 a5 24.
Qe2 Nf6 25. Qxc4+ Rxc4 26. Rd2 Rac8 27. Re1 Ne4 28. Rd3 Bf6 29. Ncb3 a4 30. Nd2 Nxd2+ 31. Rxd2 a3 32. b3 R4c7 33. Ree2 Be8 34. h5 Bd7 35. Rd3 Rb8 36. Bd2 Kf8 37. Ne6+ Bxe6 38. Rxe6 Re7 39. Rxe7 Kxe7 40. Rd5 Ke6 41. Rd3 d5 42. Kc1 Kd6 43. Kd1 Rb7 44. Re3 d4 45. Rf3 Kd5 46. Ke2 Ke4 47. Rd3 Rc7 48. Kd1 Rc6 49. Be1 Rc7 50.
Bxb4 Rb7 51. Bxa3 Ra7 52. Bc1 Rxa2 53. b4 Ra1 54. Rb3 Rb1 55. Rxb1 1-0

[Event "*** Titled Tuesday Blitz"]
[Site "Chess.com"]
[Date "2020.04.14"]
[Round "7"]
[White "giantslayer83"]
[Black "YQPerez"]
[Result "0-1"]
[WhiteElo "2722"]
[BlackElo "2973"]
[TimeControl "180+1"]
[EndTime "11:14:57 PDT"]
[Termination "YQPerez won on time"]

1. d4 d5 2. c4 e6 3. Nc3 Nf6 4. cxd5 exd5 5. Bg5 c6 6. e3 Bd6 7. Bd3 Nbd7 8. Qc2 Nf8 9. Nf3 Ng6 10. O-O-O h6 11. h4 hxg5 12. hxg5 Rxh1 13. Rxh1 Ne4 14. Nxe4 dxe4 15. Bxe4 Nf8 16. g6 f6 17. d5 c5 18.
Nh4 Qe7 19. Bf5 Bd7 20. Bxd7+ Qxd7 21. Nf5 O-O-O 22. f4 Kb8 23. Kb1 Rc8 24. Rh8 c4 25. Rg8 Bb4 26. e4 c3 27. a3 Ba5 28. Rxg7 Qd8 29. b4 Bxb4 30. axb4 Qb6 31. Ka2 Qa6+ 32. Kb3 Qc4+ 33. Ka3 Qa6+ 34. Kb3 b5 35. Qa2 Qxa2+ 36.
Kxa2 c2 37. Nd6 c1=Q 38. Rb7+ Ka8 39. Nxc8 Kxb7 40. g7 Qc2+ 41. Ka3 Qc3+ 42. Ka2 Qc4+ 43. Ka3 Qd3+ 44. Ka2 Qe2+ 45. Ka3 Qe3+ 46. Ka2 Qd2+ 47. Ka3 Qc1+ 48. Ka2 Qxc8 49. g8=Q Nd7 0-1

[Event "*** Titled Tuesday Blitz"]
[Site "Chess.com"]
[Date "2020.04.14"]
[Round "7"]
[White "AlexandraBotez"]
[Black "zivicd"]
[Result "1-0"]
[WhiteElo "1985"]
[BlackElo "2198"]
[TimeControl "180+1"]
[EndTime "11:14:58 PDT"]
[Termination "AlexandraBotez won on time"]

1. d4 Nf6 2. c4 e6 3. Nf3 Bb4+ 4. Bd2 Qe7 5. e3 b6 6. Bd3 Bxd2+ 7. Nbxd2 d6 8. O-O e5 9. Qc2 Bb7 10. d5 a5 11. Ne4 Nbd7 12. Nfd2 O-O 13. b3 Nxe4 14. Bxe4 f5 15. Bxf5 g6 16. Be6+ Kg7 17. f4 exf4 18.
exf4 Nc5 19. Rae1 Qf6 20. f5 gxf5 21. Bxf5 Rae8 22. Rxe8 Rxe8 23. Bxh7 Qd4+ 24. Kh1 Qg4 25. Bf5 Qh5 26. Qc3+ Re5 27. Bh3 Qg5 28. Nf3 Ne4 29. Qb2 Qf6 30. Re1 Re7 31. Qxf6+ Kxf6 32. Kg1 Ba6 33. g3 a4 34. Bf1 axb3 35. axb3 Bc8 36. Kg2 Bg4 37. Re3 Bxf3+ 38. Kxf3 Ng5+ 39. Ke2 Rg7 40. h4 Nf7 41. Bh3 Ne5 42. Kf2 Rg8 43. Kg2 Ra8 44. Be6 Ra2+ 45. Kh3 Rf2 46. g4 Kg6 47. g5 Rf1 48. Kg2 Rd1 49. Rh3 Rd2+ 50. Kf1 Nd3 51. Kg1 Nf4 52. Re3 1-0

[Event "*** Titled Tuesday Blitz"]
[Site "Chess.com"]
[Date "2020.04.14"]
[Round "7"]
[White "AustrianFalcon"]
[Black "JelenaKarleusa-SO-18"]
[Result "1-0"]
[WhiteElo "2576"]
[BlackElo "2681"]
[TimeControl "180+1"]
[EndTime "11:15:00 PDT"]
[Termination "AustrianFalcon won on time"]

1. e4 d6 2. d4 Nf6 3. Nc3 Nbd7 4. Nf3 e5 5. Bc4 Be7 6. O-O O-O 7. Re1 c6 8. a4 exd4 9. Nxd4 Ne5 10. Bb3 Re8 11.
h3 Ng6 12. Be3 Bf8 13. Qd3 Qa5 14. Rad1 Bd7 15. f4 Rad8 16. Qf1 Nxe4 17. Nxe4 Rxe4 18. f5 Ne5 19. f6 g6 20. Bd2 Rxe1 21. Bxe1 Qc7 22.
Bg3 Re8 23. Nf3 Bf5 24. Bxe5 dxe5 25. Ng5 Bc5+ 26. Kh1 Rf8 27. Qc4 b6 28. Nxf7 h5 29. Ng5+ Kh8 30. f7 Qe7 31. Ne6 Rxf7 32. Nxc5 Rf8 33.
Ne4 Qh4 34. Nd2 e4 35. Qe2 Re8 36. Nf1 Bg4 37. Qe3 Kh7 38. Qd4 Bxd1 39. Qd7+ Re7 40. Qxd1 e3 41. Qe2 Qf2 42. Bc4 g5 43. Bd3+ Kh6 44.
Bc4 a5 45. Qd3 Qf6 46. Qe2 Qd4 47. Ng3 Qf4 48. Nxh5 Qf2 49. Qd3 1-0

[Event "*** Titled Tuesday Blitz"]
[Site "Chess.com"]
[Date "2020.04.14"]
[Round "7"]
[White "Khamrakulov_Djurabek"]
[Black "AvitalBor"]
[Result "0-1"]
[WhiteElo "2894"]
[BlackElo "2758"]
[TimeControl "180+1"]
[EndTime "11:15:01 PDT"]
[Termination "AvitalBor won on time"]

1. e4 e5 2. Nf3 Nc6 3. d4 exd4 4.
Nxd4 Nf6 5. Nc3 g6 6. g3 Bg7 7. Nxc6 bxc6 8. Bg2 O-O 9. O-O Rb8 10. e5 Nd5 11.
Nxd5 cxd5 12. Qxd5 Bb7 13. Qa5 Bxg2 14. Kxg2 Re8 15.
Re1 Rb6 16. b3 Qa8+ 17. f3 Rbe6 18. Bb2 d6 19. c4 Bxe5 20. Bxe5 Rxe5 21. Qd2 a5 22.
Rxe5 Rxe5 23. Re1 Rxe1 24. Qxe1 a4 25. b4 a3 26. b5 Qa4 27. Qc3 h5 28. Kf2 Qa7+ 29.
Kf1 Qc5 30. Qd3 Qb4 31. Ke2 Qb2+ 32. Qd2 Qb1 33. Ke3 Qb2 34. Kd3 Qe5 35. Qc3 Qf5+ 36. Kd2 Qc5 37. Ke2 d5 38. Kd3 Qf2 39. cxd5 Qxa2 40. Qxc7 Qxd5+ 41. Kc3 Qxb5 42. Qd8+ Kh7 43. Qe7 Qc6+ 44. Kd2 Qxf3 45. h4 a2 46. Qa7 Qg2+ 47. Kd3 Qxg3+ 48. Ke4 Qg2+ 49. Ke5 Kg8 50. Kf6 Qf1+ 51.
Ke7 a1=Q 52. Qb8+ Kh7 0-1

[Event "*** Titled Tuesday Blitz"]
[Site "Chess.com"]
[Date "2020.04.14"]
[Round "7"]
[White "KazakhFighter04"]
[Black "Zq1"]
[Result "1/2-1/2"]
[WhiteElo "2720"]
[BlackElo "2581"]
[TimeControl "180+1"]
[EndTime "11:15:01 PDT"]
[Termination "Game drawn by agreement"]

1. d4 Nf6 2. c4 a6 3. Nc3 c5 4. d5 b5 5. cxb5 axb5 6. Nxb5 Qa5+ 7. Nc3 Bb7 8. Bd2 Qb6 9. e4 e6 10. Nf3 exd5 11. e5 Ne4 12. Nxe4 dxe4 13. Ng5 h6 14.
Nxf7 Kxf7 15. Bc4+ Ke8 16. e6 dxe6 17. Qh5+ Ke7 18.
O-O Nd7 19. Bc3 Nf6 20. Qg6 Bd5 21. Be2 Qc6 22. b4 Qe8 23. Qg3 Qb8 24. Be5 Qxb4 25.
f3 e3 26. Rfc1 Kf7 27. Bd3 g5 28. f4 g4 29. f5 Qd2 30. fxe6+ Bxe6 31. Rf1 Qxd3 32.
Rxf6+ Ke7 33. Rxe6+ Kxe6 34. Bxh8 Rd8 35. Qxg4+ Qf5 36.
Qc4+ Ke7 37. Bc3 Qd3 38. Qh4+ Ke8 39. Be1 Bg7 40. Qh5+ Kf8 41. Rc1 Kg8 42. Qxc5 e2 43. Qc4+ Qxc4 44. Rxc4 Bd4+ 45. Rxd4 Rxd4 46. Kf2 Ra4 47.
Kxe2 Rxa2+ 48. Kf3 Kf7 49. Bf2 Kg6 50. Be3 h5 51. h3 Kf5 52. g4+ hxg4+ 53. hxg4+ Kg6 54.
Kg3 Ra4 55. Kf3 1/2-1/2

[Event "*** Titled Tuesday Blitz"]
[Site "Chess.com"]
[Date "2020.04.14"]
[Round "7"]
[White "SantoBlue"]
[Black "Hikaru"]
[Result "1-0"]
[WhiteElo "2820"]
[BlackElo "3228"]
[TimeControl "180+1"]
[EndTime "11:15:02 PDT"]
[Termination "SantoBlue won by resignation"]

1. e4 g6 2. d4 Bg7 3. Nf3 d6 4. Bd3 Nd7 5. c3 e5 6. O-O Ngf6 7. Be3 O-O 8. Nbd2 Ng4 9. Bg5 f6 10. Bh4 Qe8 11. h3 Nh6 12. Nc4 Nf7 13. Ne3 c6 14.
Re1 Kh8 15. Bg3 Qe7 16. Bc4 Nb6 17. Bb3 Be6 18. a4 a5 19. Qc2 Rac8 20. Rad1 c5 21. Bxe6 Qxe6 22. d5 Qd7 23. Ra1 c4 24. Nd2 Bh6 25.
f3 Bxe3+ 26. Rxe3 Qc7 27. Bf2 Nd7 28. g3 Nh6 29. Rf1 f5 30. f4 exf4 31. gxf4 Nf6 32.
Rd1 Qd7 33. e5 Nxd5 34. Nxc4 Nxe3 35. Nxe3 Nf7 36. Qb3 Rfe8 37. Nd5 dxe5 38. Nb6 Qe6 39. Qxe6 Rxe6 40. Nxc8 exf4 41. Rd7 Ng5 42. Bd4+ Kg8 43.
Nd6 Nf3+ 44. Kf2 Nxd4 45. cxd4 h5 46. d5 Re3 47. Nc4 Rxh3 48. d6 Rd3 49. Rxb7 Kf8 50.
Rb8+ Kg7 51. Rb7+ Kf6 52. d7 h4 53. Ke2 Rd4 54. Nb6 h3 55. Rb8 h2 56. Rh8 Ke7 57.
Rxh2 1-0

[Event "*** Titled Tuesday Blitz"]
[Site "Chess.com"]
[Date "2020.04.14"]
[Round "7"]
[White "LionTheLeon_06"]
[Black "Etoilegeniale"]
[Result "1/2-1/2"]
[WhiteElo "2664"]
[BlackElo "2517"]
[TimeControl "180+1"]
[EndTime "11:15:03 PDT"]
[Termination "Game drawn by agreement"]

1. Nf3 d5 2. g3 c6 3. Bg2 Bg4 4. O-O Nd7 5. d3 e6 6. c4 Bd6 7. cxd5 exd5 8. Nc3 Ngf6 9. h3 Bxf3 10. Bxf3 O-O 11. e4 dxe4 12. dxe4 Ne5 13. Bg2 Bc5 14. Qe2 Qd3 15. Bg5 Qxe2 16. Nxe2 Nd3 17. Rad1 Rad8 18. Nc3 h6 19. Bxf6 gxf6 20. Rd2 Rd4 21. Ne2 Rd6 22.
Rc2 Rfd8 23. Nc1 Bb6 24. Nxd3 Rxd3 25. Re1 Rd2 26. Re2 Rd1+ 27. Kh2 Ra1 28. a3 Rad1 29.
h4 Kg7 30. Bf3 R1d3 31. Bg2 a5 32. Kh3 Rd1 33. Kg4 R8d4 34. h5 a4 35. Kh3 R4d3 36.
Kg4 Bc7 37. f4 Bb6 38. e5 fxe5 39. fxe5 Bc7 40. Rc4 Rd4+ 41. Re4 Rxc4 42. Rxc4 Bxe5 43. Rxa4 Bxb2 44. Rb4 Rd4+ 45. Rxd4 Bxd4 46. Kf5 Bb2 47. a4 Bc3 48. g4 Be1 49. Be4 Bc3 50. Bf3 f6 51.
Be4 Kf7 52. Kf4 Ke7 53. Ke3 Kd6 54. Kd3 Be1 55. Kc4 Kc7 56. Bf5 Kb6 57. Kb3 Ka5 58.
Bc8 b6 59. Bd7 c5 60. Bb5 Bf2 61. Kc4 Bd4 62. Kb3 Be3 1/2-1/2

[Event "*** Titled Tuesday Blitz"]
[Site "Chess.com"]
[Date "2020.04.14"]
[Round "7"]
[White "Klavdia_Nik"]
[Black "jonaszmb"]
[Result "0-1"]
[WhiteElo "2157"]
[BlackElo "2414"]
[TimeControl "180+1"]
[EndTime "11:15:04 PDT"]
[Termination "jonaszmb won on time"]

1. Nf3 c5 2. c4 g6 3. Nc3 Bg7 4. d4 cxd4 5. Nxd4 Nc6 6. e3 Nf6 7. Be2 O-O 8. O-O d6 9. b3 Bd7 10. Bb2 a5 11. Ndb5 Na7 12. a4 Nc6 13. Qc1 Nb4 14.
e4 Bc6 15. f3 Qb6+ 16. Kh1 Nd7 17. Nd5 Bxd5 18. exd5 Bxb2 19. Qxb2 Qe3 20. Rae1 Nc5 21. Bd1 Qg5 22. Qd4 b6 23. Qe3 Qxe3 24. Rxe3 Nbd3 25.
Nd4 Rfe8 26. Bc2 Nb4 27. Bb1 Kf8 28. Rfe1 Ra7 29. g4 h6 30. Kg2 Nd7 31. Kg3 Nf6 32. h4 g5 33. Nf5 gxh4+ 34. Kxh4 Ng8 35. Nxd6 Rd8 36. Nf5 Na6 37. Kh5 Nc5 38. Nxh6 Nxh6 39. Kxh6 e6 40. dxe6 fxe6 41. Kg5 Rg7+ 42. Kf4 Rf7+ 43.
Kg3 Rd2 44. Bg6 Rf6 45. Be4 Rb2 46. g5 Rf7 47. Rb1 Rd2 48. Kg4 Rg7 49. f4 Ke7 50. g6 Rf2 51. f5 Nxe4 52. Rxe4 Rxf5 0-1